 Dungeon Crawl Stone Soup version 0.29-a0-43-g62a80824bf (webtiles) character file.

Game seed: 4675212348238468522

67582 robertstho the Basher (level 14, -18/133 HPs)
             Began as a Troll Delver on Feb 2, 2022.
             Was an Elder of Qazlal.
             Demolished by an orc warlord (33 damage)
             ... on level 1 of the Orcish Mines.
             The game lasted 00:34:02 (17469 turns).

robertstho the Basher (Troll Delver)               Turns: 17469, Time: 00:34:02

Health: -18/133    AC: 13    Str: 27    XL:     14   Next: 83%
Magic:  20/20      EV: 11    Int:  6    God:    Qazlal [****..]
Gold:   1766       SH:  5    Dex: 17    Spells: 13/13 levels left

rFire   + + .      SeeInvis .   e - +4 demon whip (elec)
rCold   x . .      Faith    .   (no shield)
rNeg    . . .      Spirit   .   A - +0 fire dragon scales
rPois   .          Reflect  .   g - +2 hat
rElec   .          Harm     .   (no cloak)
rCorr   .          Rampage  .   (gloves unavailable)
Will    +....                   (boots unavailable)
Stlth   +.........              n - amulet of regeneration
HPRegen 1.92/turn               F - ring of flight
MPRegen 0.17/turn               K - +6 ring of dexterity

@: mighty, about to teleport, marked, flying, repel missiles
A: large, unfitting armour, claws 3, regeneration 1, shaggy fur 1, tough skin 1,
frail 1
a: Renounce Religion, Upheaval, Elemental Force


You were on level 1 of the Orcish Mines.
You worshipped Qazlal.
Qazlal was greatly pleased with you.
You visited 3 branches of the dungeon, and saw 19 of its levels.
You also visited: Sewer.

You collected 2226 gold pieces.
You spent 460 gold pieces at shops.

Inventory:

Hand Weapons
 e - a +4 demon whip of electrocution (weapon)
 q - the +9 mace "Grim" {speed, rElec rPois rF+ rN++}
   (You found it on level 7 of the Dungeon)

   Attacks with this weapon are significantly faster.
   rF:        It protects you from fire.
   rElec:     It insulates you from electricity.
   rPois:     It protects you from poison.
   rN:        It greatly protects you from negative energy.
Missiles
 B - 7 large rocks (quivered)
Armour
 g - a +2 hat (worn)
 y - +0 steam dragon scales
 A - +0 fire dragon scales (worn)
 G - a +1 robe of resistance
Jewellery
 d - a ring of positive energy
 n - an amulet of regeneration (around neck)
 F - a ring of flight (left claw)
 K - a +6 ring of dexterity (right claw)
Wands
 f - a wand of digging (5)
 l - a wand of flame (25)
 r - a wand of iceblast (16)
 u - a wand of paralysis (9)
 x - a wand of polymorph (14)
 z - a wand of acid (6)
 D - a wand of mindburst (5)
Scrolls
 b - 4 scrolls of fog
 h - 6 scrolls of immolation
 j - 3 scrolls of enchant armour
 k - 2 scrolls of holy word
 m - 4 scrolls of teleportation
 t - 2 scrolls of silence
 C - 5 scrolls of magic mapping
 H - a scroll of brand weapon
 L - 5 scrolls of identify
Potions
 a - a potion of brilliance
 i - a potion of magic
 p - 2 potions of flight
 s - a potion of ambrosia
 v - 3 potions of cancellation
 E - 4 potions of lignification


   Skills:
 * Level 11.9 Fighting
 + Level 12.0 Maces & Flails
 + Level 5.1 Armour
 + Level 6.7 Dodging
 - Level 3.7 Stealth
 + Level 4.2 Shields
 + Level 6.8 Unarmed Combat
 * Level 9.8 Invocations
 * Level 6.4 Evocations


You had 13 spell levels left.
You didn't know any spells.
Your spell library contained the following spells:

 Spells                   Type           Power      Damage    Failure   Level
 Sandblast                Erth           0%         2d4       77%         1
 Shock                    Conj/Air       0%         1d3       77%         1
 Slow                     Hex            0%         N/A       77%         1
 Passwall                 Tmut/Erth      0%         N/A       88%         2
 Confusing Touch          Hex            0%         N/A       98%         3
 Frozen Ramparts          Ice            0%         1d2       98%         3
 Portal Projectile        Hex/Tloc       0%         N/A       98%         3
 Stone Arrow              Conj/Erth      0%         3d7       98%         3
 Swiftness                Air            0%         N/A       98%         3
 Airstrike                Air            0%         N/A       100%        4
 Ice Form                 Ice/Tmut       0%         N/A       100%        4
 Passage of Golubria      Tloc           0%         N/A       100%        4
 Summon Ice Beast         Ice/Summ       0%         N/A       100%        4
 Summon Lightning Spire   Summ/Air       0%         N/A       100%        4
 Blade Hands              Tmut           0%         N/A       100%        5
 Excruciating Wounds      Necr           0%         N/A       100%        5
 Lightning Bolt           Conj/Air       0%         1d11      100%        5
 Silence                  Hex/Air        0%         N/A       100%        5
 Lehudib's Crystal Spear  Conj/Erth      0%         10d2      100%        8
 Polar Vortex             Ice            0%         N/A       100%        9


Dungeon Overview and Level Annotations

Branches:
Dungeon (12/15)            Temple (0/1) D:5            Lair (6/6) D:8
 Shoals (0/4) Lair:3        Snake (0/4) Lair:4        Slime (0/5) Lair:5
    Orc (1/2) D:11          Sewer (visited)

Altars:
Ashenzari
Dithmenos
Elyvilon
Fedhas
Gozag
Hepliaklqana
Kikubaaqudgha
Makhleb
Nemelex Xobeh
Okawaru
Qazlal
Trog
Uskayaw
Vehumet
Xom

Shops:
D:7 *   D:10 [   D:12 !   Orc:1 (

Portals:
Hell: Lair:6

Annotations:
D:9 3 runed translucent doors, frimble's ghost, novice DsWr
D:10 exclusion: ice statue
Lair:5 1 runed translucent door, Caath's ghost, journeyman DrFi


Innate Abilities, Weirdness & Mutations

You are too large for most types of armour.
You have claws for hands.
Your natural rate of healing is unusually fast.
You are covered in fur. (AC +1)
You have tough skin. (AC +1)
You are frail. (-10% HP)


Message History

The orc warlord misses you.
You hit the orc warlord but do no damage.
Lightning courses through the orc warlord!!
The orc warlord is lightly wounded.
You barely miss the orc warlord.
The orc warlord is lightly wounded.
The orc warlord hits you with a +2 battleaxe of electrocution!!
You whack the orc warlord! Your claw misses the orc warlord.
The orc warlord is moderately wounded.
You hit the orc warlord.
The orc warlord is moderately wounded.
The orc warrior is engulfed in blazing flames.
The orc warlord hits you with a +2 battleaxe of electrocution.
You hit the orc warlord.
The orc warlord is moderately wounded.
You thrash the orc warlord!!
The orc warlord is heavily wounded.
The orc warrior is engulfed in blazing flames.
The orc warlord hits you with a +2 battleaxe of electrocution.
You are electrocuted!
You hit the orc warlord. You claw the orc warlord!
The orc warlord is heavily wounded.
You hit the orc warlord but do no damage.
The orc warlord is heavily wounded.
The orc warlord hits you with a +2 battleaxe of electrocution!
You are electrocuted!!
* * * LOW HITPOINT WARNING * * *
You hit the orc warlord but do no damage.
The orc warlord is heavily wounded.
Okay, then.
Aiming: Paralyse
Press: ? - help, Shift-Dir - straight line, f - orc warlord
Aim: an orc warlord, wielding a +2 battleaxe of electrocution and wearing a +0 plate armour (heavily wounded, chance to affect: 29%)
The orc warlord easily resists.
The orc warlord hits you with a +2 battleaxe of electrocution!!
* * * LOW HITPOINT WARNING * * *
As you read the scroll of teleportation, it crumbles to dust.
You feel strangely unstable.
The orc warlord hits you with a +2 battleaxe of electrocution!!
You die...

#..... #...
#......###o...
#....O$.#.....
#............
#...$........
#....♣.......
###o...)......
##.##o♣∩♣..3..
#..@oo..^......
##.##).♣.......
###.).........
#)......###..
#####....#### .
##.#......##
#...........#
#..###.#....#
###....####.....


You could see an orc warlord and 2 orc warriors.

Vanquished Creatures
  Nessos (Lair:6)
  A boulder beetle (D:11)
  A catoblepas (Lair:6)
  7 hydras
  4 two-headed ogres
  9 death yaks
  A sixfirhy (Lair:6)
  Pikel (D:4)
  An orc knight (D:12)
  A wizard (Lair:6)
  2 deep elf pyromancers (D:7)
  2 ugly things
  A manticore (Lair:3)
  A cyclops (D:11)
  2 orc sorcerers
  16 elephants
  A centaur zombie (D:11)
  5 black mambas
  A torpor snail (Lair:2)
  A gargoyle (D:11)
  12 cane toads
  A smoke demon (Lair:6)
  2 unseen horrors
  2 orange demons (Lair:6)
  7 komodo dragons
  Maggie (Lair:1)
  3 kobold demonologists
  An ice devil (Lair:6)
  6 rime drakes (Lair:6)
  2 red devils (Lair:6)
  A wind drake (Lair:3)
  2 polar bears
  Grinder (D:6)
  A tarantella (shapeshifter) (D:12)
  Prince Ribbit (D:6)
  3 slime creatures (D:12)
  8 blink frogs (Lair:4)
  7 dream sheep
  Sigmund (D:4)
  A shadow (D:10)
  A vampire (D:12)
  41 yaks
  2 wyverns (Lair:6)
  Edmund (D:5)
  3 steam dragons
  2 vampire mosquitoes (D:11)
  5 basilisks
  Menkaure (D:6)
  2 wargs (Orc:1)
  2 nagas (Lair:4)
  4 hell hounds (Lair:6)
  Duvessa (D:6)
  13 water moccasins
  10 orc warriors
  4 sky beasts
  An ice beast (D:8)
  A necrophage (D:4)
  A black bear (Lair:4)
  A boggart (D:12)
  11 centaurs
  3 ogres
  9 wolves
  A phantom (D:2)
  4 lemures (D:4)
  6 kobold brigands
  Blork the orc (D:4)
  7 scorpions
  14 bullfrogs
  Dowan (D:6)
  5 killer bees (D:9)
  3 howler monkeys
  A wight (D:8)
  5 electric eels
  3 jellies
  3 hounds
  10 orc priests
  A gnoll shaman (D:7)
  Jessica (D:3)
  Ijyb (D:3)
  A scorpion zombie (D:5)
  4 iguanas
  14 orc wizards
  A hell rat (Sewer)
  A killer bee zombie (D:7)
  A hound skeleton (D:4)
  2 howler monkey zombies
  9 adders
  3 gnolls (D:7)
  3 river rats (Sewer)
  A shadow imp (D:8)
  2 white imps
  2 ufetubi
  An adder skeleton (D:4)
  4 worms
  2 dart slugs
  50 orcs
  9 ball pythons
  5 endoplasms
  5 giant cockroaches
  7 goblins
  5 hobgoblins
  3 jackals
  7 quokkas
  7 bats
  3 frilled lizards (D:3)
  20 kobolds
  15 rats
495 creatures vanquished.

Vanquished Creatures (collateral kills)
  3 hydras
  A boulder beetle (D:12)
  A centaur warrior (D:12)
  A two-headed ogre (D:12)
  7 death yaks
  A lindwurm (Lair:2)
  2 slime creatures (D:12)
  A wyvern (Lair:5)
  A water moccasin (Lair:2)
  A bullfrog (Lair:5)
19 creatures vanquished.

Vanquished Creatures (others)
  2 orcs
  34 fungi
  54 plants
90 creatures vanquished.

Grand Total: 604 creatures vanquished

Notes
Turn   | Place    | Note
-------+----------+-------------------------------------------
     0 | D:5      | robertstho the Troll Delver began the quest for the Orb.
     0 | D:5      | Reached XP level 1. HP: 22/22 MP: 0/0
    71 | D:5      | Noticed Edmund
   111 | D:5      | Found a glowing drain.
   113 | D:5      | Noticed an ogre
   143 | D:5      | Reached XP level 2. HP: 29/29 MP: 1/1
   150 | D:5      | Killed an ogre
   151 | D:5      | Reached XP level 3. HP: 30/36 MP: 2/2
   151 | D:5      | Reached XP level 4. HP: 37/44 MP: 3/3
   166 | D:5      | Noticed a water moccasin
   168 | Sewer    | Entered a sewer
   206 | Sewer    | Reached XP level 5. HP: 53/53 MP: 4/4
   261 | D:5      | Killed a water moccasin
   267 | D:5      | Reached XP level 6. HP: 13/61 MP: 5/5
   285 | D:4      | Noticed Pikel
   338 | D:3      | Found a faded altar of an unknown god.
   437 | D:3      | Found a stormy altar of Qazlal.
   448 | D:3      | Became a worshipper of Qazlal Stormbringer
   516 | D:3      | Found a hazy altar of Hepliaklqana.
   570 | D:3      | Noticed Jessica
   586 | D:3      | Gained mutation: You are frail. (-10% HP) [potion of
                  | mutation]
   589 | D:3      | Killed Jessica
   881 | D:3      | Found a broken altar of Ashenzari.
   882 | D:3      | Noticed Ijyb
   883 | D:3      | Found an opulent altar of Gozag.
   890 | D:3      | Killed Ijyb
   891 | D:3      | Found a blossoming altar of Fedhas.
   899 | D:3      | Found a shadowy altar of Dithmenos.
  1630 | D:2      | Identified a scroll of acquirement
  1636 | D:2      | Acquired 890 gold pieces
  1703 | D:1      | Reached * piety under Qazlal
  1731 | D:1      | Reached skill level 5 in Unarmed Combat
  2692 | D:4      | Reached skill level 1 in Invocations
  2692 | D:4      | Reached XP level 7. HP: 59/60 MP: 6/6
  2730 | D:4      | Reached ** piety under Qazlal
  2761 | D:4      | Noticed Sigmund
  2769 | D:4      | Killed Sigmund
  3124 | D:4      | Found a radiant altar of Vehumet.
  3130 | D:4      | Killed Pikel
  3131 | D:4      | Reached skill level 1 in Maces & Flails
  3131 | D:4      | Reached XP level 8. HP: 51/70 MP: 4/8
  3208 | D:4      | Noticed Blork the orc
  3217 | D:4      | Killed Blork the orc
  3229 | D:4      | Found a burning altar of Makhleb.
  3242 | D:4      | Reached skill level 2 in Maces & Flails
  3585 | D:5      | Found a staircase to the Ecumenical Temple.
  3644 | D:5      | Identified the +3 dagger of Giyng {vorpal, Contam rN++
                  | Int+3}
  3681 | D:5      | Killed Edmund
  3682 | D:5      | Reached skill level 3 in Maces & Flails
  4095 | D:6      | Reached XP level 9. HP: 72/78 MP: 10/10
  4111 | D:6      | Noticed Grinder
  4126 | D:6      | Killed Grinder
  4127 | D:6      | Reached skill level 5 in Fighting
  4127 | D:6      | Reached skill level 4 in Maces & Flails
  4145 | D:6      | Reached skill level 1 in Shields
  4352 | D:6      | Noticed Menkaure
  4359 | D:6      | Killed Menkaure
  4391 | D:6      | Noticed Duvessa
  4396 | D:6      | Noticed Dowan
  4397 | D:6      | Killed Duvessa
  4403 | D:6      | Killed Dowan
  4404 | D:6      | Reached skill level 5 in Maces & Flails
  4508 | D:6      | Found a bloodstained altar of Trog.
  4534 | D:6      | Reached *** piety under Qazlal
  4601 | D:6      | Noticed Prince Ribbit
  4615 | D:6      | Killed Prince Ribbit
  4647 | D:6      | Noticed a two-headed ogre
  4657 | D:6      | Killed a two-headed ogre
  4658 | D:6      | Reached skill level 6 in Maces & Flails
  4743 | D:6      | Reached XP level 10. HP: 88/88 MP: 12/12
  4947 | D:7      | Found Zeshu's Assorted Antiques.
  4956 | D:7      | Bought a scroll of identify for 50 gold pieces
  4956 | D:7      | Bought a scroll of identify for 50 gold pieces
  4960 | D:7      | Identified the +9 mace "Grim" {speed, rElec rPois rF+ rN++}
  5132 | D:7      | Reached skill level 5 in Invocations
  5192 | D:7      | Noticed a deep elf pyromancer
  5220 | D:7      | Killed a deep elf pyromancer
  5221 | D:7      | Reached skill level 1 in Evocations
  5256 | D:7      | Noticed a deep elf pyromancer
  5259 | D:7      | Killed a deep elf pyromancer
  5260 | D:7      | Reached skill level 7 in Maces & Flails
  5287 | D:7      | Noticed a green ugly thing
  5295 | D:7      | Killed a green ugly thing
  5750 | D:8      | Reached **** piety under Qazlal
  5774 | D:8      | Noticed a two-headed ogre
  5788 | D:8      | Killed a two-headed ogre
  5950 | D:8      | Found a staircase to the Lair.
  6003 | D:8      | Reached skill level 8 in Maces & Flails
  6003 | D:8      | Reached XP level 11. HP: 90/98 MP: 14/14
  6379 | D:9      | Found a shimmering altar of Xom.
  6381 | D:9      | Found a shadowy altar of Dithmenos.
  6381 | D:9      | Found a broken altar of Ashenzari.
  6383 | D:9      | Found a white marble altar of Elyvilon.
  6383 | D:9      | Found an ancient bone altar of Kikubaaqudgha.
  6383 | D:9      | Found an iron altar of Okawaru.
  6475 | D:9      | Noticed frimble's ghost (novice DsWr)
  6502 | D:9      | Found a runed translucent gate.
  6502 | D:9      | Found a runed translucent gate.
  6502 | D:9      | Found a runed translucent gate.
  7066 | D:10     | Entered Level 10 of the Dungeon
  7221 | D:10     | Reached skill level 5 in Dodging
  7314 | D:10     | Found a sparkling altar of Nemelex Xobeh.
  7549 | D:10     | Found Offimp's Antique Armour Shoppe.
  7728 | D:10     | Noticed a +0 falchion
  7728 | D:10     | Noticed a +0 falchion
  7728 | D:10     | Noticed a +0 spear
  7729 | D:10     | Noticed a +0 short sword
  7730 | D:10     | Noticed a +0 dagger
  7731 | D:10     | Noticed a +0 spear
  7731 | D:10     | Noticed a +0 short sword
  7733 | D:10     | Noticed a +0 dagger
  7734 | D:10     | Identified the +6 long sword "Onameps" {venom, rN+ Will+
                  | Str+4}
  7739 | D:10     | Found a hide-covered altar of Uskayaw.
  7995 | D:11     | Reached ***** piety under Qazlal
  7996 | D:11     | Reached skill level 9 in Maces & Flails
  7996 | D:11     | Noticed a boulder beetle
  8014 | D:11     | Killed a boulder beetle
  8143 | D:11     | Found a staircase to the Orcish Mines.
  8754 | D:12     | Found Havoy's Distillery.
  8757 | D:12     | Bought a potion of heal wounds for 75 gold pieces
  8757 | D:12     | Bought a potion of heal wounds for 75 gold pieces
  8757 | D:12     | Bought a potion of brilliance for 60 gold pieces
  8757 | D:12     | Bought a potion of haste for 150 gold pieces
  8770 | D:12     | Noticed an orc knight
  8781 | D:12     | Killed an orc knight
  8781 | D:12     | Noticed an orc sorcerer
  8782 | D:12     | Noticed a boulder beetle
  8783 | D:12     | Noticed a white ugly thing
  8788 | D:12     | Killed an orc sorcerer
  8789 | D:12     | Noticed a centaur warrior
  8794 | D:12     | Killed a centaur warrior
  8795 | D:12     | Reached XP level 12. HP: 73/109 MP: 10/16
  8803 | D:12     | Killed a boulder beetle
  8853 | D:12     | Noticed a six-headed hydra
  8859 | D:12     | Killed a six-headed hydra
  8993 | D:12     | Noticed a two-headed ogre
  8999 | D:12     | Killed a two-headed ogre
  9048 | D:12     | Noticed a two-headed ogre
  9079 | D:12     | Killed a two-headed ogre
  9336 | D:12     | Reached skill level 10 in Maces & Flails
  9618 | D:12     | Got Vimaodiy's Guide on Curses
  9684 | D:12     | Got The Intricacies of Thaumaturgy
  9988 | Lair:1   | Entered Level 1 of the Lair of Beasts
 10023 | Lair:1   | Noticed Maggie
 10029 | Lair:1   | Killed Maggie
 10149 | Lair:1   | Noticed a four-headed hydra
 10155 | Lair:1   | Killed a four-headed hydra
 11288 | Lair:2   | Noticed an eight-headed hydra
 11326 | Lair:2   | Killed an eight-headed hydra
 11327 | Lair:2   | Reached XP level 13. HP: 99/118 MP: 12/18
 11330 | Lair:2   | Reached skill level 1 in Armour
 12284 | Lair:3   | Reached skill level 10 in Fighting
 12388 | Lair:3   | Reached skill level 11 in Maces & Flails
 12388 | Lair:3   | Reached skill level 5 in Evocations
 12682 | Lair:3   | Found a staircase to the Shoals.
 13865 | Lair:4   | Found a staircase to the Snake Pit.
 14081 | Lair:4   | Reached XP level 14. HP: 129/129 MP: 13/19
 14725 | Lair:5   | Found a runed translucent door.
 14738 | Lair:5   | Found a staircase to the Slime Pits.
 14748 | Lair:5   | Found a shimmering altar of Xom.
 14748 | Lair:5   | Noticed Caath's ghost (journeyman DrFi)
 14750 | Lair:5   | Identified the +5 rapier of Qiatelos {chaos, rF+ rN+ rCorr}
 15449 | Lair:6   | Entered Level 6 of the Lair of Beasts
 15907 | Lair:6   | Noticed Nessos
 16053 | Lair:6   | HP: 3/131 [elephant (14)]
 16194 | Lair:6   | Killed Nessos
 16565 | Lair:6   | Reached skill level 12 in Maces & Flails
 16634 | Lair:6   | Found a burning altar of Makhleb.
 16657 | Lair:6   | Reached skill level 5 in Armour
 16673 | Lair:6   | Found a gateway to Hell.
 17250 | Orc:1    | Entered Level 1 of the Orcish Mines
 17429 | Orc:1    | Found Hoiriergh's Weapon Emporium.
 17439 | Orc:1    | Noticed an orc warlord
 17469 | Orc:1    | Demolished by an orc warlord

Illustrated notes

Levels and vault maps discovered:
D:1:      elethiomel_arrival_maze, layout_basic
D:2:      layout_basic, basic_altar, serial_shops, shop, solitary_fountain,
          minmay_cut_off
D:3:      layout_basic, minitemple, nicolae_overflow_crystal_walls,
          nicolae_qazlal_scattered_showers,
          shapermc_ecumenical_altar_mp_highgroup, uniq_jessica, uniq_ijyb
D:4:      layout_cave_pools, makhleb_blood_cavern_becter,
          nicolae_vehumet_altar_sigil, minmay_quadrilaterals,
          uniq_blork_the_orc, uniq_sigmund, uniq_pikel
D:5:      layout_loops_ring, minmay_temple_entry_gardened_gates,
          portal_sewer_entry_a, uniq_edmund
D:6:      layout_loops_ring, trog_butcher_becter, uniq_prince_ribbit1,
          uniq_grinder, uniq_menkaure, uniq_duvessa
D:7:      layout_rooms, serial_shops, nicolae_shop_trees,
          minmay_misc_feat_encased, kb_rosetta
D:8:      layout_basic, grunt_lair_entry_orc_guard_hut, st_stairs_11
D:9:      layout_stronghold, doesnt_xom_only_xom, gammafunk_ghost_split
D:10:     layout_roguey, old_standard_altar, nicolae_uskayaw_en_pointe,
          serial_corexii_hall, corexii_hall_statues_u,
          chequers_hall_statues_wall_a, serial_shops, nicolae_shop_trees,
          minivault_16
D:11:     layout_loops_ring, orc_david_3, chequers_hall_statues_y
D:12:     minmay_tri_box, layout_stronghold, serial_shops,
          nicolae_stop_n_shop_2, nicolae_figureground_sparkle
Lair:1:   layout_roguey, fungi_pond_lemuel, uniq_maggie
Lair:2:   nzn_winding_woodlands_three_and_one
          [nzn_winding_woodlands_5x15_river_crossing,
          nzn_winding_woodlands_5x15_zeroes, nzn_winding_woodlands_5x15_cabin,
          nzn_winding_woodlands_center_pierced_h], layout_gridlike,
          wad_woods_river_02
Lair:3:   layout_cave_pods, minmay_shoals_entry_beasts, serial_bayou_shore_a
Lair:4:   layout_layer_cave, guppyfry_snake_entry_island
Lair:5:   layout_cave_shapes, slime_dummy, ebering_ghost_xom, minmay_hedge_maze,
          infiniplex_staircase_pool, grunt_megastairs_2, serial_bayou_shore_b
Lair:6:   evil_forest, layout_regular_city, nicolae_lair_yak_garden, uniq_nessos
Orc:1:    layout_diamond_mine, serial_shops, nicolae_shop_trees,
          gammafunk_ghost_grave

Skill      XL: |  1  2  3  4  5  6  7  8  9 10 11 12 13 14 |
---------------+-------------------------------------------+-----
Stealth        | 3 |  3.7
Fighting       | 3 4 6 7 8 9 10 11 | 11.9
Unarmed Combat | 3 4 5 6 |  6.8
Dodging        | 2 3 4 5 6 |  6.7
Invocations    | 1 2 3 4 5 6 8 9 |  9.8
Maces & Flails | 1 3 6 8 9 10 11 12 | 12.0
Shields        | 1 2 3 4 |  4.2
Evocations     | 1 3 4 5 6 |  6.4
Armour         | 3 5 |  5.1

Action                   |  1- 3 |  4- 6 |  7- 9 | 10-12 | 13-15 || total
-------------------------+-------+-------+-------+-------+-------++-------
Melee: Unarmed           |    23 |   189 |    17 |       |       ||   229
       Punch             |       |     6 |     9 |    31 |    42 ||    88
       Demon whip        |       |       |   280 |   635 |   667 ||  1582
       Mace              |       |       |       |     7 |       ||     7
Invok: Upheaval          |       |       |     1 |       |     1 ||     2
       Elemental Force   |       |       |       |     5 |     9 ||    14
Evoke: Wand              |       |       |     8 |     3 |     2 ||    13
  Use: Scroll            |     1 |     8 |     6 |    11 |     5 ||    31
       Potion            |     1 |     4 |     3 |     6 |     6 ||    20
 Stab: Sleeping          |       |     3 |       |       |       ||     3
       Distracted        |       |       |     1 |       |     2 ||     3
       Paralysed         |       |       |       |     4 |     3 ||     7
       Petrified         |       |       |       |       |     2 ||     2
Armor: Robe              |     9 |    63 |   122 |    50 |       ||   244
       Steam dragon scal |       |       |       |    95 |       ||    95
       Fire dragon scale |       |       |       |    18 |   224 ||   242
Dodge: Dodged            |     6 |    75 |   124 |   221 |   239 ||   665
       Repelled          |       |       |       |     5 |     4 ||     9
Block: Other             |       |     1 |    18 |   113 |    90 ||   222

Table legend: (Time is in decaauts)
 A = Elapsed time spent in this place.
 B = Non-inter-level travel time spent in this place.
 C = Inter-level travel time spent in this place.
 D = Time resting spent in this place.
 E = Time spent auto-exploring this place.
 F = Levels seen in this place.
 G = Mean time per level.
                   A        B        C        D        E       F      G
               +--------+--------+--------+--------+--------+-----+--------+
         Total |  16886 |  15686 |   1200 |    320 |  12137 |  20 |  844.3 |
       Dungeon |   9937 |   9131 |    806 |     67 |   7099 |  12 |  828.1 |
          Lair |   6676 |   6284 |    392 |    253 |   4887 |   6 | 1112.7 |
  Orcish Mines |    187 |    187 |      0 |      0 |    118 |   1 |  187.0 |
         Sewer |     85 |     85 |      0 |      0 |     32 |   1 |   85.0 |
               +--------+--------+--------+--------+--------+-----+--------+

Top non-repeatable levels by time:
  Lair:6: 1368 daAuts
  Lair:4: 1267 daAuts
  Lair:2: 1250 daAuts
     D:3: 1240 daAuts
  Lair:3: 1097 daAuts
    D:12: 1081 daAuts
     D:1: 964 daAuts
  Lair:5: 896 daAuts
    D:10: 889 daAuts
    D:11: 876 daAuts
     D:9: 859 daAuts
     D:8: 834 daAuts
  Lair:1: 796 daAuts
     D:6: 771 daAuts
     D:5: 745 daAuts
